 Dungeon Crawl Stone Soup version 0.28.0-45-g0d030f2227 (webtiles) character file.

Game seed: 2082946025720372119

2347 0gre the Frost Mage (level 9, -2/65 HPs)
             Began as a Gnoll Ice Elementalist on Apr 6, 2022.
             Was an Initiate of Vehumet.
             Slain by a gnoll sergeant
             ... wielding a +0 halberd
              (7 damage)
             ... in a bailey.
             The game lasted 00:41:12 (6776 turns).

0gre the Frost Mage (Gnoll Ice Elementalist)        Turns: 6776, Time: 00:41:12

Health: -2/65      AC:  7    Str:  7    XL:     9   Next: 43%
Magic:  3/18       EV: 14    Int: 19    God:    Vehumet [......]
Gold:   18         SH:  0    Dex: 13    Spells: 6/21 levels left

rFire   . . .      SeeInvis .   a - +9 short sword of Ambiguity {vorpal, rC+ Stlth+}
rCold   + . .      Faith    .   (no shield)
rNeg    . . .      Spirit   .   h - +1 robe of the Solstice {rPois}
rPois   +          Reflect  .   D - +2 hat
rElec   .          Harm     .   y - +0 cloak
rCorr   .          Rampage  .   F - +0 pair of gloves
Will    .....                   (no boots)
Stlth   ++++......              (no amulet)
HPRegen 0.20/turn               t - ring of wizardry
MPRegen 0.16/turn               m - ring of poison resistance

@: no status effects
A: fangs 1, strong nose, distributed training
a: Renounce Religion


You were in a bailey.
You worshipped Vehumet.
Vehumet was noncommittal.
You visited 2 branches of the dungeon, and saw 8 of its levels.
You also visited: Bailey.

You collected 292 gold pieces.
You spent 274 gold pieces at shops.

Inventory:

Hand Weapons
 a - the +9 short sword of Ambiguity (weapon) {vorpal, rC+ Stlth+}
   (You found it on level 2 of the Dungeon)

   It inflicts extra damage upon your enemies.
   rC:        It protects you from cold.
   Stlth:     It makes you more stealthy.
 b - a +0 hunting sling
 c - a +0 trident
 d - a +1 scimitar of flaming
 f - a +0 broad axe
Missiles
 o - 90 bolts
 p - 7 boomerangs (quivered)
 s - 17 sling bullets
 B - 200 stones
 E - 49 arrows
Armour
 g - a +0 helmet
 h - the +1 robe of the Solstice (worn) {rPois}
   (You bought it in a shop on level 4 of the Dungeon)

   rPois:     It protects you from poison.
 y - a +0 cloak (worn)
 C - a +3 leather armour
 D - a +2 hat (worn)
 F - a +0 pair of gloves (worn)
Magical Staves
 e - a staff of conjuration
Jewellery
 m - a ring of poison resistance (right hand)
 t - a ring of wizardry (left hand)
Wands
 j - a wand of flame (30)
Potions
 i - a potion of curing
 k - a potion of haste
 r - a potion of might {unknown}
 v - a potion of invisibility {unknown}
 w - 3 potions of brilliance
 x - a potion of cancellation {unknown}


   Skills:
 + Level 4.2 Fighting
 + Level 4.2 Short Blades
 + Level 4.2 Long Blades
 + Level 4.2 Axes
 + Level 4.2 Maces & Flails
 + Level 4.2 Polearms
 + Level 4.2 Staves
 + Level 4.2 Slings
 + Level 4.2 Bows
 + Level 4.2 Crossbows
 + Level 4.2 Throwing
 + Level 4.2 Armour
 + Level 6.3 Dodging
 + Level 6.0 Stealth
 + Level 4.2 Shields
 + Level 4.2 Unarmed Combat
 + Level 6.6 Spellcasting
 + Level 3.5 Conjurations
 + Level 3.5 Hexes
 + Level 3.5 Summonings
 + Level 3.5 Necromancy
 + Level 3.5 Translocations
 + Level 3.5 Transmutations
 + Level 3.5 Fire Magic
 + Level 8.0 Ice Magic
 + Level 3.5 Air Magic
 + Level 3.5 Earth Magic
 + Level 3.5 Poison Magic
 + Level 4.6 Invocations
 + Level 4.2 Evocations


You had 6 spell levels left.
You knew the following spells:

 Your Spells              Type           Power      Damage    Failure   Level
b - Frozen Ramparts       Ice            72%        1d9       1%          3
d - Wereblood             Tmut           19%        N/A       1%          2
q - Stone Arrow           Conj/Erth      38%        3d9       3%          3
s - Mephitic Cloud        Conj/Pois/Air  19%        N/A       3%          3
w - Flame Wave            Conj/Fire      19%        2d6       11%         4

Your spell library contained the following spells:

 Spells                   Type           Power      Damage    Failure   Level
 Foxfire                  Conj/Fire      76%        2x1d7     1%          1
 Freeze                   Ice            100%       1d11      1%          1
 Sublimation of Blood     Necr           19%        N/A       1%          2
 Ozocubu's Armour         Ice            36%        N/A       1%          3
 Conjure Flame            Conj/Fire      19%        6-21      3%          3
 Inner Flame              Hex/Fire       19%        N/A       3%          3
 Spider Form              Tmut/Pois      19%        N/A       3%          3
 Hailstorm                Conj/Ice       28%        3d8       4%          4
 Animate Armour           Summ/Erth      38%        N/A       11%         4
 Cause Fear               Hex            9%         N/A       11%         4
 Sticky Flame             Conj/Fire      19%        2d4       11%         4
 Alistair's Intoxication  Tmut/Pois      12%        N/A       26%         5
 Starburst                Conj/Fire      9%         6d5       80%         6
 Summon Hydra             Summ           9%         N/A       100%        7
 Discord                  Hex            9%         N/A       100%        8
 Lehudib's Crystal Spear  Conj/Erth      9%         10d4      100%        8


Dungeon Overview and Level Annotations

Branches:
Dungeon (7/15)             Temple (1/1) D:6          Bailey (1/1)

Altars:
Dithmenos
Gozag
Vehumet
The Shining One

Shops:
D:4 [   D:5 =


Innate Abilities, Weirdness & Mutations

You have very sharp teeth.
Your uncanny sense of smell can sniff out nearby items.
Your experience applies equally to all skills.


Message History

* * * LOW HITPOINT WARNING * * *
The wall freezes the gnoll shaman.
The gnoll shaman calls upon its god to heal the gnoll sergeant.
The gnoll sergeant is healed somewhat.
You hear a shout! x3
You feel much better.
You hear a shout!
You hear a howl!
The wall freezes the gnoll sergeant.
The gnoll sergeant hits you with a +0 halberd!
* * * LOW HITPOINT WARNING * * *
The gnoll sergeant hits you from afar with a +0 halberd.
* * * LOW HITPOINT WARNING * * *
The wall freezes the gnoll shaman.
The gnoll shaman barely misses you.
Casting: Flame Wave (dangerous; 11% risk of failure)
Confirm with . or Enter, or press ? or * to list all spells.
Casting: Flame Wave (dangerous; 11% risk of failure)
Press: ? - help, Dir - look around, f - activate A wave of flame ripples out!
The flame wave engulfs the gnoll sergeant.
The gnoll sergeant is severely wounded. (Press . to intensify the flame waves.)
You hear a shout! x3
The wall freezes the gnoll sergeant!
You kill the gnoll sergeant!
Vehumet accepts your kill. The gnoll sergeant misses you.
The wall freezes the gnoll shaman.
The gnoll shaman misses you.
The wall freezes the wolf.
A wave of flame ripples out!
The flame wave engulfs the wolf!
The wolf is heavily wounded.
The flame wave engulfs the gnoll shaman.
You kill the gnoll shaman!
Vehumet accepts your kill.
The flame wave engulfs the gnoll sergeant.
The gnoll sergeant is moderately wounded.
The frozen ramparts melt away.
You hear a shout!
You hear an angry growl.
You hear a shout! x2
The wolf bites you!
* * * LOW HITPOINT WARNING * * *
The gnoll sergeant hits you from afar with a +0 halberd!
You die...

#...≈≈♣♣ ###..≈.♣ ♣
∆#..≈.♣♣.♣♣
∆#..≈..♣♣.♣♣# ####
∆#..≈.......# ##...#
#..≈.......#
#....)######..≈......♣
...$.))#...'.........♣#
...8.gh@...'....÷)∩.(∩#
...$.h.#...'..))[....♣#
#.....######..≈.......#
##...# #..≈.......#
#### ∆#..≈.......#
∆#..≈..♣..♣.#
∆#..≈.♣....♣#
###..≈.♣♣..♣♣
#...≈≈♣♣♣♣♣♣


You could see a gnoll sergeant and 2 wolves.

Vanquished Creatures
  Maggie (D:7)
  Sigmund (D:2)
  Edmund (D:5)
  3 sky beasts
  An ice beast (D:6)
  A phantom (D:5)
  2 bullfrogs
  Blork the orc (D:4)
  2 gnoll sergeants (Bailey)
  2 scorpions
  A howler monkey (D:6)
  2 jellies
  Crazy Yiuf (D:4)
  4 orc priests
  3 hounds
  2 bullfrog skeletons (D:5)
  A centaur skeleton (D:5)
  2 gnoll shamans (Bailey)
  Ijyb (D:4)
  Natasha (thrice) (D:2)
  An iguana (D:5)
  4 orc wizards
  A hound zombie (D:3)
  Robin (D:2)
  4 adders
  4 gnolls (Bailey)
  2 white imps
  2 ufetubi
  An adder skeleton (D:4)
  4 dart slugs
  20 orcs
  7 endoplasms
  5 giant cockroaches
  13 goblins
  15 hobgoblins
  7 quokkas
  3 ball pythons
  7 bats
  6 frilled lizards
  3 kobolds
  11 rats
156 creatures vanquished.

Vanquished Creatures (others)
  An orc wizard (D:5)
1 creature vanquished.

Grand Total: 157 creatures vanquished

Notes
Turn   | Place    | Note
-------+----------+-------------------------------------------
     0 | D:1      | 0gre the Gnoll Ice Elementalist began the quest for the
                  | Orb.
     0 | D:1      | Reached XP level 1. HP: 13/13 MP: 6/6
   335 | D:1      | Reached XP level 2. HP: 16/19 MP: 7/7
  1078 | D:1      | Reached XP level 3. HP: 22/25 MP: 5/9
  1082 | D:1      | Learned a level 3 spell: Frozen Ramparts
  1148 | D:1      | Reached skill level 5 in Spellcasting
  1330 | D:2      | Noticed Natasha
  1330 | D:2      | Noticed Sigmund
  1635 | D:2      | Killed Natasha
  1636 | D:2      | Reached skill level 1 in Fighting
  1636 | D:2      | Reached skill level 1 in Short Blades
  1636 | D:2      | Reached skill level 1 in Long Blades
  1636 | D:2      | Reached skill level 1 in Axes
  1636 | D:2      | Reached skill level 1 in Maces & Flails
  1636 | D:2      | Reached skill level 1 in Polearms
  1636 | D:2      | Reached skill level 1 in Staves
  1636 | D:2      | Reached skill level 1 in Slings
  1636 | D:2      | Reached skill level 1 in Bows
  1636 | D:2      | Reached skill level 1 in Crossbows
  1636 | D:2      | Reached skill level 1 in Throwing
  1636 | D:2      | Reached skill level 1 in Armour
  1636 | D:2      | Reached skill level 1 in Shields
  1636 | D:2      | Reached skill level 1 in Unarmed Combat
  1636 | D:2      | Reached skill level 1 in Invocations
  1636 | D:2      | Reached skill level 1 in Evocations
  1636 | D:2      | Reached XP level 4. HP: 32/32 MP: 7/11
  1718 | D:2      | Killed Sigmund
  1719 | D:2      | Reached skill level 1 in Conjurations
  1719 | D:2      | Reached skill level 1 in Hexes
  1719 | D:2      | Reached skill level 1 in Summonings
  1719 | D:2      | Reached skill level 1 in Necromancy
  1719 | D:2      | Reached skill level 1 in Translocations
  1719 | D:2      | Reached skill level 1 in Transmutations
  1719 | D:2      | Reached skill level 1 in Fire Magic
  1719 | D:2      | Reached skill level 1 in Air Magic
  1719 | D:2      | Reached skill level 1 in Earth Magic
  1719 | D:2      | Reached skill level 1 in Poison Magic
  1719 | D:2      | Reached XP level 5. HP: 26/38 MP: 6/12
  1733 | D:2      | Noticed Natasha
  1750 | D:2      | Killed Natasha
  1751 | D:2      | Reached XP level 6. HP: 24/44 MP: 4/13
  2168 | D:2      | Noticed Natasha
  2182 | D:2      | Killed Natasha
  2274 | D:2      | Noticed Robin
  2284 | D:2      | Killed Robin
  2285 | D:2      | Reached skill level 5 in Dodging
  2373 | D:2      | Identified the +9 short sword of Ambiguity {vorpal, rC+
                  | Stlth+}
  2546 | D:3      | Found a faded altar of an unknown god.
  3394 | D:4      | Reached XP level 7. HP: 37/50 MP: 15/15
  3429 | D:4      | Learned a level 3 spell: Stone Arrow
  3473 | D:4      | Noticed Ijyb
  3482 | D:4      | You fall into a shaft and drop 1 floor!
  3482 | D:5      | Entered Level 5 of the Dungeon
  3650 | D:5      | Identified a scroll of acquirement
  3652 | D:5      | Acquired Ted Rots's Collected Works on the Virous Arsonist
  3658 | D:5      | Learned a level 3 spell: Mephitic Cloud
  3673 | D:5      | Noticed Edmund
  3743 | D:5      | Found Dillocis's Jewellery Shop.
  3851 | D:4      | Killed Ijyb
  3967 | D:4      | Reached skill level 5 in Stealth
  4193 | D:4      | Noticed Blork the orc
  4194 | D:4      | Found Ilapac's Antique Armour Shop.
  4202 | D:4      | Killed Blork the orc
  4203 | D:4      | Reached XP level 8. HP: 52/57 MP: 9/16
  4213 | D:4      | Bought an ancient robe for 153 gold pieces
  4213 | D:4      | Identified the +1 robe of the Solstice {rPois} (You bought
                  | it in a shop on level 4 of the Dungeon)
  4272 | D:4      | Found a runed translucent door.
  4273 | D:4      | Noticed Crazy Yiuf
  4280 | D:4      | Killed Crazy Yiuf
  4736 | D:5      | Killed Edmund
  4851 | D:5      | Learned a level 2 spell: Wereblood
  5286 | D:4      | Bought a pair of gloves for 121 gold pieces
  5837 | D:6      | Reached XP level 9. HP: 65/65 MP: 14/18
  5849 | D:6      | Learned a level 4 spell: Flame Wave
  5902 | D:6      | Found a staircase to the Ecumenical Temple.
  5911 | Temple   | Entered the Ecumenical Temple
  5920 | Temple   | Became a worshipper of Vehumet
  6057 | D:7      | Noticed Maggie
  6069 | D:7      | Killed Maggie
  6366 | D:7      | Found a flagged portal.
  6382 | Bailey   | Entered a bailey
  6395 | Bailey   | Reached skill level 8 in Ice Magic
  6776 | Bailey   | Slain by a gnoll sergeant

Illustrated notes

Levels and vault maps discovered:
D:1:      psy_arrival_wood_between_worlds, layout_basic, minmay_tromino_v4_b
D:2:      layout_basic, uniq_robin, uniq_natasha, uniq_sigmund
D:3:      layout_loops_ring, hellmonk_ecumenical_altar_lost_god,
          ebering_dispersal_statue_hall
D:4:      layout_rooms, serial_glass, glass_columns_a, glass_columns_b,
          glass_columns_b, glass_columns_b, glass_columns_a, glass_columns_b,
          glass_columns_b, glass_columns_c, serial_shops, nicolae_diamond_shop,
          minmay_misc_feat_square, kennysheep_generic_room_12,
          uniq_blork_the_orc, uniq_ijyb, uniq_crazy_yiuf_cottage
D:5:      layout_loops_ring, gup_sewer_entry_bowl, serial_shops,
          nicolae_take_the_stairs, uniq_edmund
D:6:      layout_cave_pools, minmay_temple_entry_poolview,
          minmay_misc_feat_rows, chequers_serial_rivers_micro_b,
          nicolae_concentric_dashed_squares_mild, minmay_misc_feat_iff
D:7:      layout_loops_ring, yredelemnul_forgotten_temple_becter,
          enter_bailey_4, minmay_lizard_king, uniq_maggie
Temple:   regret_index_temple_mists
Bailey:   bailey_polearm_gnolls_kennysheep, bailey

Skill      XL: |  1  2  3  4  5  6  7  8  9 |
---------------+----------------------------+-----
Spellcasting   | 5 6 |  6.6
Fighting       | 1 2 3 4 |  4.2
Short Blades   | 1 2 3 4 |  4.2
Long Blades    | 1 2 3 4 |  4.2
Axes           | 1 2 3 4 |  4.2
Maces & Flails | 1 2 3 4 |  4.2
Polearms       | 1 2 3 4 |  4.2
Staves         | 1 2 3 4 |  4.2
Slings         | 1 2 3 4 |  4.2
Bows           | 1 2 3 4 |  4.2
Crossbows      | 1 2 3 4 |  4.2
Throwing       | 1 2 3 4 |  4.2
Armour         | 1 2 3 4 |  4.2
Shields        | 1 2 3 4 |  4.2
Unarmed Combat | 1 2 3 4 |  4.2
Invocations    | 1 2 3 4 |  4.6
Evocations     | 1 2 3 4 |  4.2
Conjurations   | 1 2 3 |  3.5
Hexes          | 1 2 3 |  3.5
Summonings     | 1 2 3 |  3.5
Necromancy     | 1 2 3 |  3.5
Translocations | 1 2 3 |  3.5
Transmutations | 1 2 3 |  3.5
Fire Magic     | 1 2 3 |  3.5
Air Magic      | 1 2 3 |  3.5
Earth Magic    | 1 2 3 |  3.5
Poison Magic   | 1 2 3 |  3.5
Dodging        | 5 6 |  6.3
Stealth        | 5 6 |  6.0
Ice Magic      | 8 |  8.0

Action                   |  1- 3 |  4- 6 |  7- 9 || total
-------------------------+-------+-------+-------++-------
Melee: Dagger            |    63 |       |       ||    63
       Bite              |     4 |     5 |     8 ||    17
       Hand axe          |    13 |    33 |       ||    46
       Punch             |     2 |     2 |     3 ||     7
       Short sword       |       |    28 |    97 ||   125
       Trident           |       |       |     1 ||     1
 Fire: Hunting sling     |       |    48 |    48 ||    96
Throw: Stone             |     1 |     3 |       ||     4
       Boomerang         |       |    19 |    13 ||    32
 Cast: Freeze            |    20 |       |       ||    20
       Frozen Ramparts   |     1 |     8 |    20 ||    29
       Stone Arrow       |       |       |    11 ||    11
       Mephitic Cloud    |       |       |     1 ||     1
       Flame Wave        |       |       |     4 ||     4
  Use: Scroll            |       |       |    11 ||    11
       Potion            |       |       |     3 ||     3
 Stab: Sleeping          |     9 |     6 |     3 ||    18
Armor: Robe              |    25 |     5 |    20 ||    50
Dodge: Dodged            |    53 |    37 |    57 ||   147
